 Dungeon Crawl Stone Soup version 0.21-a0-88-g13b9641 (webtiles) character file.

46 4thArraOfDagon the Scratcher (level 3, 0/14 HPs)
             Began as a Felid Ice Elementalist on June 27, 2017.
             Slain by a worker ant (6 damage)
             ... on level 4 of the Dungeon.
             The game lasted 00:03:53 (780 turns).

4thArraOfDagon the Scratcher (FeIE)                  Turns: 780, Time: 00:03:53

Health: 0/14       AC:  1    Str:  4    XL:     3   Next: 44%
Magic:  3/7        EV: 18    Int: 17    God:
Gold:   39         SH:  0    Dex: 16    Spells: 5/6 levels left
                                        Lives:  0   Deaths: 1

rFire    . . .     SeeInvis +     - Unarmed
rCold    . . .     Gourm    .   (shield unavailable)
rNeg     . . .     Faith    .   (armour unavailable)
rPois    .         Spirit   .   (helmet unavailable)
rElec    .         Reflect  .   (cloak unavailable)
rCorr    +         Harm     .   (gloves unavailable)
MR       .....     Rnd*Tele +   (boots unavailable)
Stlth    +++.......             (no amulet)
HPRegen  0.04/turn              i - ring of resist corrosion
MPRegen  0.10/turn              m - ring of teleportation (curse)

@: very slightly contaminated, quick
A: no armour, no weapons or thrown items, stealth, claws 1, fangs 3, see
invisible, carnivore 3, speed 1, shaggy fur 1, slow metabolism 1, sharp paws
a: no special abilities


You were on level 4 of the Dungeon.
You were not hungry.

You visited 1 branch of the dungeon, and saw 4 of its levels.

You collected 39 gold pieces.

Inventory:

Jewellery
 f - an uncursed ring of fire
 i - a ring of resist corrosion (left paw)
 m - a cursed ring of teleportation (right paw)
Scrolls
 c - 3 scrolls of magic mapping {unknown}
 d - a scroll of fear {unknown}
 e - a scroll of remove curse {unknown}
 g - 2 scrolls of enchant weapon {unknown}
 l - 2 scrolls of teleportation {unknown}
Potions
 h - a potion of haste {unknown}
 j - 2 potions of heal wounds {unknown}
 k - a potion of flight {unknown}
Books
 a - a book of Frost

   Spells                             Type                      Level
   a - Freeze                         Ice                          1
   b - Throw Frost                    Conjuration/Ice              2
   c - Ozocubu's Armour               Charms/Ice                   3
   d - Throw Icicle                   Conjuration/Ice              4
   e - Summon Ice Beast               Ice/Summoning                4
Comestibles
 b - a meat ration


   Skills:
 - Level 3.1 Dodging
 - Level 3.0 Stealth
 * Level 3.8 Unarmed Combat
 - Level 2.0 Spellcasting
   Level 0.8 Conjurations
 - Level 2.6 Ice Magic


You had 5 spell levels left.
You knew the following spells:

 Your Spells              Type           Power        Failure   Level  Hunger
a - Freeze                Ice            ##..         6%          1    #......


Dungeon Overview and Level Annotations

Branches:
Dungeon (4/15)
 Temple: D:4-7

Altars:
Dithmenos
Okawaru

Annotations:
D:4 namelastname112's ghost, novice GnWn


Innate Abilities, Weirdness & Mutations

You cannot wear armour.
You are incapable of wielding weapons or throwing items.
Your paws allow you to move quietly. (Stealth)
You have sharp claws.
You have razor-sharp teeth.
You have supernaturally acute eyesight. (SInv)
You are carnivorous and can eat meat at any time.
You cover ground quickly.
You are covered in fur. (AC +1)
You have a slow metabolism.
Your sharp claws are effective at attacking unaware monsters.


Message History

You freeze the worker ant.
The worker ant is heavily wounded.
The worker ant completely misses you.
Casting: Freeze
Confirm with . or Enter, or press ? or * to list all spells.
Aiming: Freeze
Press: ? - help, Shift-Dir - straight line, f/p - worker ant
Aim: a worker ant (heavily wounded)
You freeze the worker ant.
The worker ant is almost dead.
The worker ant bites you.
Casting: Freeze
Confirm with . or Enter, or press ? or * to list all spells.
Aiming: Freeze
Press: ? - help, Shift-Dir - straight line, f/p - worker ant
Aim: a worker ant (almost dead)
You miscast Freeze.
You are very lightly contaminated with residual magic.
Your paws feel numb with cold.
The worker ant bites you.
You die...

###########
#.a@%...... .
###.########## .S
#.........<..##.#
#.#.######......#
#.#.# ##.#.#..#
###.#.# #.......#
#.....#####..#.#.##
......##.........#
............#...##


You could see a worker ant.

Vanquished Creatures
  A hound (D:4)
  3 adders
  An adder skeleton (D:4)
  2 dart slugs
  2 leopard geckos
  3 bats
  5 goblins
  A hobgoblin (D:1)
  5 jackals
  A frilled lizard (D:2)
  2 kobolds (D:3)
  4 rats
30 creatures vanquished.

Notes
Turn   | Place    | Note
-------+----------+-------------------------------------------
     0 | D:1      | 4thArraOfDagon the Felid Ice Elementalist began the quest for the Orb.
     0 | D:1      | Reached XP level 1. HP: 7/7 MP: 4/4
   124 | D:1      | Reached skill level 1 in Unarmed Combat
   124 | D:1      | Reached XP level 2. HP: 1/11 MP: 1/6
   406 | D:3      | Found an iron altar of Okawaru.
   454 | D:2      | Reached XP level 3. HP: 10/14 MP: 7/7
   658 | D:4      | Reached XP level 4. HP: 2/18 MP: 1/8
   659 | D:4      | Slain by an adder
   660 | D:4      | Reached XP level 3. HP: 0/14 MP: 0/7
   660 | D:4      | Noticed namelastname112's ghost (novice GnWn)
   707 | D:4      | Found a shadowy altar of Dithmenos.
   780 | D:4      | Slain by a worker ant

Vault maps used:
D:1:      sevenhm_arrival_forest_fort_large_2
D:3:      okawaru_gym_becter
D:4:      nicolae_dithmenos_shadow_blocks, first_bread, st_stairs_1

Skill      XL: |  1  2  3 |
---------------+----------+-----
Dodging        | 3 |  3.1
Unarmed Combat | 1 2 3 |  3.8
Stealth        | 3 |  3.0
Spellcasting   | |  2.0
Conjurations   | |  0.8
Ice Magic      | |  2.6

Action                   |  1- 3 |  4- 6 || total
-------------------------+-------+-------++-------
Melee: Unarmed           |    17 |       ||    17
 Cast: Freeze            |    33 |     2 ||    35
 Stab: Sleeping          |    11 |       ||    11
  Eat: Chunk             |     6 |       ||     6
Armor: Skin              |     2 |       ||     2
Dodge: Dodged            |    24 |       ||    24
